AoeStats
← DeeHambone

Scandinavia

510404176Analyzed
1v1 RM · 19h ago on Sep 30, 2026· 51m 25s· 2 players
Game mode
Random Map
Map size
Tiny (2 player)
Population
200
Speed
Normal
Resources
Standard
Victory
Conquest
Starting age
Dark Age
Ending age
Imperial Age
RankedLock teamsTeams togetherTeam positionsShared explorationLock speedFull tech treeHidden civsTurbo modeCheats
Victory
Defeat
🇺🇸 Portuguese · United States
1474
+16
🇦🇹 Wu · Austria
1483
-16
DeeHambone
8:50 Loom
10:52 Feudal Age
14:46 Castle Age
13:05 Double-Bit Axe
13:01 Horse Collar
15:52 Bow Saw
20:57 Town Watch
22:13 Wheelbarrow
22:32 Fletching
23:02 Heavy Plow
23:09 Bodkin Arrow
24:09 Hand Cart
30:15 Imperial Age
32:11 Crossbowman
33:19 Arbalester
37:01 Bracer
37:17 Padded Archer Armor
40:07 Chemistry
39:45 Ballistics
40:37 Leather Archer Armor
42:42 Scale Barding Armor
43:46 Chain Barding Armor
43:36 Forging
44:48 Bloodlines
43:59 Light Cavalry
45:15 Plate Barding Armor
44:54 Husbandry
46:57 Iron Casting
46:53 Ring Archer Armor
47:12 Arquebus
49:18 Blast Furnace
50:35 Thumb Ring
Killerqueen
11:02 Feudal Age
9:55 Loom
15:53 Castle Age
14:47 Stone Mining
15:09 Double-Bit Axe
17:07 Bow Saw
17:04 Horse Collar
20:14 Fletching
22:33 Bodkin Arrow
23:35 Ballistics
29:44 Wheelbarrow
30:28 Red Cliffs Tactics
30:40 Padded Archer Armor
34:42 Imperial Age
34:22 Leather Archer Armor
35:48 Bracer
35:58 Squires
37:43 Scale Mail Armor
38:02 Heavy Plow
38:42 Hand Cart
39:28 Chain Mail Armor
41:11 Plate Mail Armor
40:52 Forging
41:50 Conscription
43:49 Iron Casting
44:17 Chemistry
43:38 Elite Skirmisher
Connection lost

Rejoining the realm…

Still unreachable

The connection could not be restored.

Session expired

The server has moved on; the page needs a fresh start.